 Dungeon Crawl Stone Soup version 0.26-a0-30-g56b8cd3df0 (webtiles) character file.

Game seed: 6319876140369680430, levelgen mode: deterministic

427 Lanoc the Stinger (level 6, -14/36 HPs)
             Began as an Octopode Venom Mage on May 29, 2020.
             Was a Follower of Cheibriados.
             Killed from afar by Ijyb (15 damage)
             ... with an iceblast
             ... on level 5 of the Dungeon.
             The game lasted 00:09:10 (4710 turns).

Lanoc the Stinger (Octopode Venom Mage)             Turns: 4710, Time: 00:09:11

Health: -14/36     AC:  1    Str:  9 (11) XL:     6   Next: 97%
Magic:  9/9        EV: 15    Int: 23 (24) God:    Cheibriados [*.....]
Gold:   92         SH:  0    Dex: 13 (15) Spells: 6/9 levels left

rFire    . . .     SeeInvis .   e - +1 dagger (elec)
rCold    . . .     Gourm    .   (no shield)
rNeg     . . .     Faith    .   (helmet restricted)
rPois    .         Spirit   .   o - amulet of the acrobat
rElec    .         Reflect  .   h - ring of wizardry
rCorr    .         Harm     .   (no ring)
MR       .....                  (no ring)
Stlth    +++.......             (no ring)
HPRegen  0.12/turn              (no ring)
MPRegen  0.11/turn              (no ring)
                                (no ring)
                                (no ring)

@: very slow
A: almost no armour, stealthy swim, amphibious, 8 rings, constrict 8, camouflage
1, clever 1, high mp 1, gelatinous body 1
a: Bend Time, Renounce Religion


You were on level 5 of the Dungeon.
You worshipped Cheibriados.
Cheibriados was aware of your devotion.
You were hungry.

You visited 2 branches of the dungeon, and saw 6 of its levels.

You collected 92 gold pieces.

Inventory:

Hand Weapons
 e - a +1 dagger of electrocution (weapon)
Jewellery
 h - a ring of wizardry (left tentacle)
 o - an amulet of the acrobat (around mantle)
Wands
 f - a wand of digging (6)
Scrolls
 c - a scroll of fog {unknown}
 d - a scroll of fear
 k - a scroll of enchant weapon {unknown}
 s - 4 scrolls of amnesia {unknown}
Potions
 g - 2 potions of brilliance
 i - a potion of cancellation
 l - a potion of might
 p - a potion of magic
Comestibles
 b - 7 rations


   Skills:
 + Level 3.9 Dodging
 - Level 2.6 Stealth
 - Level 2.0 Spellcasting
 + Level 3.4 Transmutations
 * Level 7.0 Poison Magic


You had 6 spell levels left.
You knew the following spells:

 Your Spells              Type           Power        Failure   Level  Hunger
a - Sting                 Tmut/Pois      ####         1%          1    #......
b - Poisonous Vapours     Pois/Air       ###...       1%          2    ##.....

Your spell library contained the following spells:

 Spells                   Type           Power        Failure   Level  Hunger
 Olgreb's Toxic Radiance  Pois           ####....     2%          4    #####..
 Ignite Poison            Fire/Tmut/Pois ###.....     4%          3    ###....
 Mephitic Cloud           Conj/Pois/Air  ##......     6%          3    ###....


Dungeon Overview and Level Annotations

Branches:
Dungeon (5/15)             Temple (1/1) D:4

Altars:
Ashenzari
Cheibriados
Dithmenos
Elyvilon
Fedhas
Gozag
Hepliaklqana
Makhleb
Nemelex Xobeh
Okawaru
Qazlal
Sif Muna
Trog
Vehumet
Yredelemnul
Zin
The Shining One

Annotations:
D:3 Jessica, Robin, Sigmund
D:5 Ijyb


Innate Abilities, Weirdness & Mutations

You cannot wear most types of armour.
You are very stealthy in the water. (Stealth+)
You are amphibious.
You can wear up to eight rings at the same time.
You can use your tentacles to constrict eight enemies at once.
Your skin changes colour to match your surroundings (Stealth+).
Your rubbery body absorbs attacks. (AC +1, EV +1)
Your mind is acute. (Int +2)
You have an increased reservoir of magic. (+10% MP)


Message History

You constrict the quokka, but do no damage.
The quokka closely misses you. x2
You hit the quokka but do no damage. Lightning courses through the quokka!
You kill the quokka!
Cheibriados thoroughly appreciates the change of pace.
No target in view!
There is a stone staircase leading down here.
There is a stone staircase leading up here.
You open the door.
There is an open door here.
Ijyb is too close now for your liking.
Ijyb shouts!
Ijyb zaps a wand.
The mass of ice explodes!
The iceblast engulfs you!!
Ouch! That really hurt!
Ijyb zaps a wand.
The mass of ice explodes!
The iceblast engulfs you!
* * * LOW HITPOINT WARNING * * *
There is a stone staircase leading up here.
Ijyb screams, "Get away!"
Ijyb zaps a wand.
The mass of ice explodes!
The iceblast engulfs you!
You die...

###########
###.........#
...........+
########.........#
.......'@>.......+
########.........##..
#......g..........
#.######.#.######
#.#<# # #.### # #.# #
#.. # #.. ####Z####


You could see Ijyb.

Vanquished Creatures
  A scorpion (D:3)
  A water moccasin skeleton (D:4)
  2 bullfrog zombies
  A hound (D:3)
  2 orc wizards (D:2)
  Terence (D:2)
  8 adders
  2 adder skeletons (D:4)
  A dart slug (D:4)
  7 orcs
  2 giant cockroaches
  14 goblins
  7 hobgoblins
  3 jackals
  2 quokkas
  8 bats
  4 frilled lizards
  2 kobolds (D:1)
  8 rats
76 creatures vanquished.

Notes
Turn   | Place    | Note
-------+----------+-------------------------------------------
     0 | D:1      | Lanoc the Octopode Venom Mage began the quest for the Orb.
     0 | D:1      | Reached XP level 1. HP: 11/11 MP: 3/3
   143 | D:1      | Reached skill level 4 in Poison Magic
   143 | D:1      | Reached XP level 2. HP: 17/17 MP: 1/5
   651 | D:2      | Found a basalt altar of Yredelemnul.
   671 | D:2      | Reached XP level 3. HP: 21/21 MP: 3/6
  1331 | D:2      | Reached XP level 4. HP: 22/27 MP: 0/7
  1418 | D:2      | Found a snail-covered altar of Cheibriados.
  1419 | D:2      | Found a blossoming altar of Fedhas.
  1523 | D:2      | Reached skill level 5 in Poison Magic
  1536 | D:2      | Became a worshipper of Cheibriados the Contemplative
  1633 | D:2      | Noticed Terence
  1679 | D:2      | Learned a level 2 spell: Poisonous Vapours
  1699 | D:2      | Killed Terence
  1699 | D:2      | Reached XP level 5. HP: 24/31 MP: 0/8
  2023 | D:2      | Found a burning altar of Makhleb.
  2023 | D:2      | Found a radiant altar of Vehumet.
  2105 | D:3      | Noticed Sigmund
  2156 | D:3      | Noticed Robin
  2418 | D:3      | You fall into a shaft and drop 1 floor!
  2543 | D:4      | Reached skill level 6 in Poison Magic
  2707 | D:4      | Found a staircase to the Ecumenical Temple.
  2708 | D:4      | Noticed a phantom
  2723 | Temple   | Entered the Ecumenical Temple
  3073 | D:3      | Noticed Jessica
  3084 | D:3      | Gained mutation: You have an increased reservoir of magic.
                  | (+10% MP) [potion of mutation]
  3084 | D:3      | Gained mutation: Your mind is acute. (Int +2) [potion of
                  | mutation]
  3383 | D:3      | Reached XP level 6. HP: 23/36 MP: 6/9
  3392 | D:3      | Reached * piety under Cheibriados
  3930 | D:4      | Noticed a shadow
  3931 | D:4      | Found a shadowy altar of Dithmenos.
  3932 | D:4      | Found a hazy altar of Hepliaklqana.
  4254 | D:4      | Found an opulent altar of Gozag.
  4326 | D:5      | Entered Level 5 of the Dungeon
  4418 | D:5      | Noticed an ice beast
  4426 | D:5      | Noticed Ijyb
  4471 | D:4      | Reached skill level 7 in Poison Magic
  4709 | D:5      | HP: 1/36 [Ijyb/iceblast (12)]
  4710 | D:5      | Killed from afar by Ijyb

Illustrated notes

Levels and vault maps discovered:
D:1:      lemuel_arrival_cross, layout_basic
D:2:      layout_basic, amethyst_overflow_temple_binary, lemuel_round_altar,
          chequers_temple_overflow_statue_of_worship, st_stairs_4, uniq_terence
D:3:      layout_rooms, marbit_many_paths, uniq_jessica, uniq_sigmund,
          uniq_robin
D:4:      layout_cave_pods, riverfiend_overflow_shadow_ancestor,
          lemuel_coloured_pillars_altar, minmay_temple_entry_enclosed_plants,
          first_ration
D:5:      layout_basic, uniq_ijyb
Temple:   compressed_dpeg_triangle_lava_temple

Skill      XL: |  1  2  3  4  5  6 |
---------------+-------------------+-----
Poison Magic   | 4 5 6 7 |  7.0
Transmutations | 2 3 |  3.4
Dodging        | 3 |  3.9
Stealth        | |  2.6
Spellcasting   | |  2.0

Action                   |  1- 3 |  4- 6 || total
-------------------------+-------+-------++-------
Melee: Unarmed           |    23 |     7 ||    30
       Constrict         |     9 |    16 ||    25
       Tentacles         |     2 |    15 ||    17
       Short sword       |       |    38 ||    38
       Dagger            |       |    26 ||    26
 Cast: Sting             |    50 |    47 ||    97
       Poisonous Vapours |       |     4 ||     4
  Use: Scroll            |       |     8 ||     8
       Potion            |       |     7 ||     7
 Stab: Sleeping          |       |     5 ||     5
  Eat: Chunk             |     2 |     5 ||     7
       Ration            |       |     1 ||     1
Armor: Skin              |     1 |     6 ||     7
Dodge: Dodged            |    26 |   118 ||   144

Table legend:
 A = Non-vault XP
 B = Vault XP
 C = Vault XP percentage of total XP
 D = Non-vault monster count
 E = Vault monster count
 F = Vault count percentage of total count
                 A         B        C        D         E       F
            +---------+---------+-------+---------+---------+-------
      Total |     559 |      51 |   8.4 |      65 |      11 |  14.5
            +---------+---------+-------+---------+---------+-------
        D:1 |      24 |       0 |   0.0 |      16 |       0 |   0.0
        D:2 |     158 |      37 |  19.0 |      23 |       4 |  14.8
        D:3 |     134 |      14 |   9.5 |       8 |       7 |  46.7
        D:4 |     177 |       0 |   0.0 |      13 |       0 |   0.0
        D:5 |      66 |       0 |   0.0 |       5 |       0 |   0.0
            +---------+---------+-------+---------+---------+-------
